| TOP OF THE 1ST |
|
Asheville Tourists batting - Pitching for Jacksonville Suns : RHP Allan Ramirez
|
|
Pitching: RHP Allan Ramirez
|
|
|
Batting: RHB Ulises Infante
|
0-0: Called Strike 0-1: Swinging Strike 0-2: Ball 1-2: Strikes out looking
|
|
Batting: LHB Elias Nava
|
0-0: Ball 1-0: Swinging Strike 1-1: Foul Ball, location: 2F 1-2: Ground out 4-3 (Groundball, 4, EV 100.6 MPH)
|
|
Batting: LHB Michael Wishnevski
|
0-0: Ball 1-0: DOUBLE (Line Drive, 7LM, EV 89.4 MPH)
|
|
Batting: SHB Dan Hanggie
|
0-0: Fly out, F8 (Flyball, 8LD, EV 92.5 MPH)
|
| Top of the 1st over - 0 runs, 1 hit, 0 errors, 1 left on base; Asheville 0 - Jacksonville 0 |
| BOTTOM OF THE 1ST |
|
Jacksonville Suns batting - Pitching for Asheville Tourists : RHP Jayden Britz
|
|
Pitching: RHP Jayden Britz
|
|
|
Batting: RHB Lyle Brackenridge
|
0-0: Called Strike 0-1: Fly out, F9 (Flyball, 9S, EV 76.9 MPH)
|
|
Batting: SHB Joe Morales
|
0-0: Ball 1-0: Ball 2-0: Ball 3-0: Called Strike 3-1: Foul Ball, location: 2F 3-2: Base on Balls
|
|
Batting: LHB Andy Carlton
|
0-0: Ball 1-0: Fly out, F7 (Flyball, 78D, EV 84.4 MPH)
|
|
Batting: RHB Edward Packard
|
0-0: DOUBLE (Line Drive, 78XD, EV 106.3 MPH) Joe Morales to third Runner from 3rd tries for Home, SAFE, throw by CF to trailing runner, SAFE at third!
|
|
Batting: LHB Pete M O'Brien
|
0-0: Fly out, F7 (Flyball, 7D, EV 88.1 MPH)
|
| Bottom of the 1st over - 1 run, 1 hit, 0 errors, 1 left on base; Asheville 0 - Jacksonville 1 |
| TOP OF THE 2ND |
|
Asheville Tourists batting - Pitching for Jacksonville Suns : RHP Allan Ramirez
|
|
Batting: LHB Donald Mazzilli
|
0-0: SINGLE (Flyball, 4MD, EV 96.9 MPH)
|
|
Batting: LHB Steven Morrison
|
0-0: Swinging Strike Donald Mazzilli steals 2nd base 0-1: Ball 1-1: Ground out 5-3 (Groundball, 56S, EV 83.8 MPH)
|
|
Batting: RHB Jack Ramirez
|
0-0: Foul Ball, location: 2F 0-1: Ball 1-1: Called Strike 1-2: Ball 2-2: Fly out, F8 (Flyball, 8RD, EV 92.5 MPH) Runner from 2nd tags up, SAFE at 3rd with throw by CF
|
|
Batting: SHB Wayne Simmons
|
0-0: Called Strike 0-1: Ball 1-1: Foul Ball, location: 2F 1-2: Foul Ball, location: 2F 1-2: Strikes out swinging
|
| Top of the 2nd over - 0 runs, 1 hit, 0 errors, 1 left on base; Asheville 0 - Jacksonville 1 |
| BOTTOM OF THE 2ND |
|
Jacksonville Suns batting - Pitching for Asheville Tourists : RHP Jayden Britz
|
|
Batting: LHB Dave Baker
|
0-0: Foul Ball, location: 2F 0-1: Foul Ball, location: 2F 0-2: Ball 1-2: Ball 2-2: Ball 3-2: Base on Balls
|
|
Batting: LHB Michael Kelly
|
0-0: Ball 1-0: Called Strike 1-1: Called Strike 1-2: Strikes out swinging
|
|
Batting: LHB Donald Seeker
|
0-0: Called Strike 0-1: Ball 1-1: Ball 2-1: Swinging Strike 2-2: Foul Ball, location: 2F 2-2: Fly out, F4 (Line Drive, 4, EV 72.5 MPH)
|
|
Batting: RHB Henry Powell
|
0-0: Ball 1-0: Ball 2-0: Ball 3-0: Called Strike 3-1: Fly out, F7 (Flyball, 7, EV 83.1 MPH)
|
| Bottom of the 2nd over - 0 runs, 0 hits, 0 errors, 1 left on base; Asheville 0 - Jacksonville 1 |
| TOP OF THE 3RD |
|
Asheville Tourists batting - Pitching for Jacksonville Suns : RHP Allan Ramirez
|
|
Batting: RHB Thomas Wright
|
0-0: Foul Ball, location: 2F 0-1: Ball 1-1: Ball 2-1: Foul Ball, location: 2F 2-2: Foul Ball, location: 2F 2-2: Strikes out looking
|
|
Batting: RHB Ulises Infante
|
0-0: Called Strike 0-1: Ball 1-1: Ball 2-1: Foul Ball, location: 2F 2-2: Ball 3-2: Foul Ball, location: 2F 3-2: Foul Ball, location: 2F 3-2: Base on Balls
|
|
Batting: LHB Elias Nava
|
0-0: Ball 1-0: Ball 2-0: Called Strike 2-1: Called Strike Ulises Infante steals 2nd base 2-2: Ground out 5-3 (Groundball, 5L, EV 103.1 MPH)
|
|
Batting: LHB Michael Wishnevski
|
0-0: Swinging Strike 0-1: Swinging Strike 0-2: Ball 1-2: Ball 2-2: Ball 3-2: Base on Balls
|
|
Batting: SHB Dan Hanggie
|
0-0: Swinging Strike 0-1: Swinging Strike 0-2: Ball 1-2: SINGLE (Groundball, P, EV 87.5 MPH) (infield hit) Ulises Infante to third Michael Wishnevski to second
|
|
Batting: LHB Donald Mazzilli
|
0-0: Ball Wild Pitch! Ulises Infante scores Michael Wishnevski to third Dan Hanggie to second 1-0: Foul Ball, location: 2F 1-1: Foul Ball, location: 2F 1-2: Foul Ball, location: 2F 1-2: Ground out 6-3 (Groundball, 6, EV 86.3 MPH)
|
| Top of the 3rd over - 1 run, 1 hit, 0 errors, 2 left on base; Asheville 1 - Jacksonville 1 |
| BOTTOM OF THE 3RD |
|
Jacksonville Suns batting - Pitching for Asheville Tourists : RHP Jayden Britz
|
|
Batting: RHB Lyle Brackenridge
|
0-0: Called Strike 0-1: Ball 1-1: Ball 2-1: Ball 3-1: Foul Ball, location: 2F 3-2: SINGLE (Line Drive, 89S, EV 99.4 MPH)
|
|
Batting: SHB Joe Morales
|
0-0: Ball 1-0: Fly out, F9 (Flyball, 9, EV 87.5 MPH)
|
|
Batting: LHB Andy Carlton
|
0-0: Fly out, F9 (Flyball, 9, EV 88.1 MPH)
|
|
Batting: RHB Edward Packard
|
0-0: Called Strike 0-1: Ball 1-1: Called Strike 1-2: Ball 2-2: Ball 3-2: Base on Balls Lyle Brackenridge to second
|
|
Batting: LHB Pete M O'Brien
|
0-0: Called Strike 0-1: Called Strike 0-2: Ball 1-2: Ball 2-2: Fly out, F8 (Flyball, 8LS, EV 73.1 MPH)
|
| Bottom of the 3rd over - 0 runs, 1 hit, 0 errors, 2 left on base; Asheville 1 - Jacksonville 1 |
| TOP OF THE 4TH |
|
Asheville Tourists batting - Pitching for Jacksonville Suns : RHP Allan Ramirez
|
|
Batting: LHB Steven Morrison
|
0-0: Ball 1-0: Called Strike 1-1: Ball 2-1: Foul Ball, location: 2F 2-2: Foul Ball, location: 2F 2-2: Foul Ball, location: 2F 2-2: Ball 3-2: Fly out, F8 (Flyball, 89D, EV 97.5 MPH)
|
|
Batting: RHB Jack Ramirez
|
0-0: Called Strike 0-1: Swinging Strike 0-2: Ball 1-2: Strikes out swinging
|
|
Batting: SHB Wayne Simmons
|
0-0: Ball 1-0: Ball 2-0: Called Strike 2-1: Foul Ball, location: 2F 2-2: Ground out 3-1 (Groundball, 34, EV 79.4 MPH)
|
| Top of the 4th over - 0 runs, 0 hits, 0 errors, 0 left on base; Asheville 1 - Jacksonville 1 |
| BOTTOM OF THE 4TH |
|
Jacksonville Suns batting - Pitching for Asheville Tourists : RHP Jayden Britz
|
|
Batting: LHB Dave Baker
|
0-0: Called Strike 0-1: Ball 1-1: Foul Ball, location: 2F 1-2: SINGLE (Groundball, 34D, EV 103.1 MPH)
|
|
Batting: LHB Michael Kelly
|
0-0: Swinging Strike 0-1: Ball 1-1: Ball 2-1: Called Strike 2-2: Grounds into double play, 4-6-3 (Groundball, 4D, EV 105.6 MPH)
|
|
Batting: LHB Donald Seeker
|
0-0: Foul Ball, location: 2F 0-1: Ball 1-1: Fly out, F7 (Flyball, 7LS, EV 76.9 MPH)
|
| Bottom of the 4th over - 0 runs, 1 hit, 0 errors, 0 left on base; Asheville 1 - Jacksonville 1 |
| TOP OF THE 5TH |
|
Asheville Tourists batting - Pitching for Jacksonville Suns : RHP Allan Ramirez
|
|
Batting: RHB Thomas Wright
|
0-0: Ball 1-0: Called Strike 1-1: Fly out, F8 (Flyball, 8LM, EV 79.4 MPH)
|
|
Batting: RHB Ulises Infante
|
0-0: Swinging Strike 0-1: SINGLE (Groundball, 6M, EV 79.4 MPH) (infield hit)
|
|
Batting: LHB Elias Nava
|
0-0: Ball 1-0: Foul Ball, location: 2F 1-1: Called Strike 1-2: Ball 2-2: Grounds into double play, 4-6-3 (Groundball, 4, EV 86.3 MPH)
|
| Top of the 5th over - 0 runs, 1 hit, 0 errors, 0 left on base; Asheville 1 - Jacksonville 1 |
| BOTTOM OF THE 5TH |
|
Jacksonville Suns batting - Pitching for Asheville Tourists : RHP Jayden Britz
|
|
Batting: RHB Henry Powell
|
0-0: Called Strike 0-1: Ball 1-1: Ground out 5-3 (Groundball, 56, EV 88.1 MPH)
|
|
Batting: RHB Lyle Brackenridge
|
0-0: Ball 1-0: SINGLE (Groundball, 34D, EV 104.4 MPH)
|
|
Batting: SHB Joe Morales
|
0-0: Ball 1-0: Called Strike 1-1: Ball 2-1: Foul Ball, location: 2F 2-2: TRIPLE (Flyball, 78XD, EV 91.9 MPH) Lyle Brackenridge scores
|
|
Batting: LHB Andy Carlton
|
0-0: Foul Ball, location: 2F 0-1: Foul Ball, location: 2F 0-2: Ball 1-2: Ball 2-2: Ball 3-2: Ground out 4-3 (Groundball, 4D, EV 100.6 MPH) Joe Morales scores
|
|
Batting: RHB Edward Packard
|
0-0: Fly out, F7 (Flyball, 7D, EV 95.0 MPH)
|
| Bottom of the 5th over - 2 runs, 2 hits, 0 errors, 0 left on base; Asheville 1 - Jacksonville 3 |
| TOP OF THE 6TH |
|
Asheville Tourists batting - Pitching for Jacksonville Suns : RHP Allan Ramirez
|
|
Batting: LHB Michael Wishnevski
|
0-0: Ball 1-0: Ball 2-0: Ball 3-0: Called Strike 3-1: Called Strike 3-2: Foul Ball, location: 2F 3-2: Ground out 6-3 (Groundball, 56, EV 81.9 MPH)
|
|
Batting: SHB Dan Hanggie
|
0-0: Foul Ball, location: 2F 0-1: Ground out U3 (Groundball, 3, EV 84.4 MPH)
|
|
Batting: LHB Donald Mazzilli
|
0-0: Ball 1-0: Ball 2-0: Ball 3-0: Called Strike 3-1: Foul Ball, location: 2F 3-2: Foul Ball, location: 2F 3-2: Strikes out swinging
|
| Top of the 6th over - 0 runs, 0 hits, 0 errors, 0 left on base; Asheville 1 - Jacksonville 3 |
| BOTTOM OF THE 6TH |
|
Jacksonville Suns batting - Pitching for Asheville Tourists : RHP Jayden Britz
|
|
Batting: LHB Pete M O'Brien
|
0-0: Called Strike 0-1: Ball 1-1: Fly out, F9 (Flyball, 89M, EV 84.4 MPH)
|
|
Batting: LHB Dave Baker
|
0-0: Ball 1-0: Foul Ball, location: 2F 1-1: Foul Ball, location: 2F 1-2: Strikes out swinging
|
|
Pitching: RHP Jeff Barkley
|
|
|
Batting: LHB Michael Kelly
|
0-0: Ball 1-0: Ball 2-0: Ball 3-0: Base on Balls
|
|
Batting: LHB Donald Seeker
|
0-0: Called Strike 0-1: Ball 1-1: Foul Ball, location: 2F 1-2: Ball 2-2: Strikes out swinging
|
| Bottom of the 6th over - 0 runs, 0 hits, 0 errors, 1 left on base; Asheville 1 - Jacksonville 3 |
| TOP OF THE 7TH |
|
Asheville Tourists batting - Pitching for Jacksonville Suns : RHP Allan Ramirez
|
|
Batting: LHB Steven Morrison
|
0-0: Ball 1-0: Ball 2-0: Called Strike 2-1: Foul Ball, location: 2F 2-2: Foul Ball, location: 2F 2-2: Foul Ball, location: 2F 2-2: Ball 3-2: Base on Balls
|
|
Batting: RHB Jack Ramirez
|
0-0: Ball 1-0: Foul Ball, location: 2F 1-1: Ball 2-1: Ball 3-1: Foul Ball, location: 2F 3-2: SINGLE (Groundball, 6MD, EV 103.1 MPH) Steven Morrison to second
|
|
Batting: SHB Wayne Simmons
|
0-0: Ball 1-0: Sac Bunt to 13S - play at first, batter OUT! 1-3 Steven Morrison to third Jack Ramirez to second
|
|
Batting: RHB Thomas Wright
|
0-0: Ball 1-0: Ball 2-0: Called Strike 2-1: Ground out 5-3 (Groundball, 5, EV 88.1 MPH)
|
|
Batting: RHB Ulises Infante
|
0-0: Ball 1-0: Ball 2-0: Swinging Strike 2-1: Foul Ball, location: 2F 2-2: Ball 3-2: Base on Balls
|
|
Batting: LHB Elias Nava
|
0-0: Ball 1-0: Called Strike 1-1: Fly out, F9 (Flyball, 9, EV 86.3 MPH)
|
| Top of the 7th over - 0 runs, 1 hit, 0 errors, 3 left on base; Asheville 1 - Jacksonville 3 |
| BOTTOM OF THE 7TH |
|
Jacksonville Suns batting - Pitching for Asheville Tourists : RHP Jeff Barkley
|
|
Batting: RHB Henry Powell
|
0-0: Ball 1-0: Called Strike 1-1: Ball 2-1: Swinging Strike 2-2: Fly out, F8 (Line Drive, 8LD, EV 111.3 MPH)
|
|
Batting: RHB Lyle Brackenridge
|
0-0: Foul Ball, location: 2F 0-1: Ball 1-1: Ball 2-1: Ball 3-1: Called Strike 3-2: Base on Balls
|
|
Batting: SHB Joe Morales
|
0-0: Ball 1-0: Ball 2-0: Reached on error, E6 (Groundball, 6S, EV 68.1 MPH) Lyle Brackenridge to second
|
|
Batting: LHB Andy Carlton
|
0-0: Ball 1-0: Grounds into double play, 5-4-3 (Groundball, 56, EV 87.5 MPH)
|
| Bottom of the 7th over - 0 runs, 0 hits, 1 error, 1 left on base; Asheville 1 - Jacksonville 3 |
| TOP OF THE 8TH |
|
Asheville Tourists batting - Pitching for Jacksonville Suns : RHP Allan Ramirez
|
|
Batting: LHB Michael Wishnevski
|
0-0: Ball 1-0: Ball 2-0: Ball 3-0: Called Strike 3-1: Foul Ball, location: 2F 3-2: Foul Ball, location: 2F 3-2: Base on Balls
|
|
Batting: SHB Dan Hanggie
|
0-0: Called Strike 0-1: Ball 1-1: SINGLE (Groundball, 56D, EV 109.4 MPH) Michael Wishnevski to second
|
|
Batting: LHB Donald Mazzilli
|
0-0: Swinging Strike 0-1: Ball 1-1: Foul Ball, location: 2F 1-2: Foul Ball, location: 2F 1-2: Grounds into double play, 4-6-3 (Groundball, 4M, EV 106.3 MPH) Michael Wishnevski to third
|
|
Batting: LHB Steven Morrison
|
0-0: Fly out, F9 (Line Drive, 9, EV 95.0 MPH)
|
| Top of the 8th over - 0 runs, 1 hit, 0 errors, 1 left on base; Asheville 1 - Jacksonville 3 |
| BOTTOM OF THE 8TH |
|
Jacksonville Suns batting - Pitching for Asheville Tourists : RHP Jeff Barkley
|
|
Batting: RHB Edward Packard
|
0-0: SINGLE (Flyball, 56D, EV 90.0 MPH)
|
|
Batting: LHB Pete M O'Brien
|
0-0: Ball 1-0: Ball 2-0: Fly out, F8 (Line Drive, 8LD, EV 107.5 MPH)
|
|
Batting: LHB Dave Baker
|
0-0: Ball 1-0: Called Strike 1-1: Fielders Choice at 2nd, 1-4 (Groundball, 15, EV 61.9 MPH)
|
|
Batting: LHB Michael Kelly
|
0-0: Ball 1-0: Ground out U3 (Groundball, 3, EV 88.8 MPH)
|
| Bottom of the 8th over - 0 runs, 1 hit, 0 errors, 1 left on base; Asheville 1 - Jacksonville 3 |
| TOP OF THE 9TH |
|
Asheville Tourists batting - Pitching for Jacksonville Suns : RHP Allan Ramirez
|
|
Batting: RHB Jack Ramirez
|
0-0: Called Strike 0-1: Fly out, F7 (Flyball, 7S, EV 94.4 MPH)
|
|
Batting: SHB Wayne Simmons
|
0-0: Ball 1-0: Ball 2-0: Fly out, F8 (Flyball, 8LD, EV 83.8 MPH)
|
|
Batting: RHB Thomas Wright
|
0-0: Called Strike 0-1: Ball 1-1: DOUBLE (Flyball, 89D, EV 106.9 MPH)
|
|
Pitching: RHP Jay Tibbs
|
|
|
Batting: RHB Ulises Infante
|
0-0: Called Strike 0-1: Called Strike 0-2: Strikes out swinging
|
| Top of the 9th over - 0 runs, 1 hit, 0 errors, 1 left on base; Asheville 1 - Jacksonville 3 |
|